 Dungeon Crawl Stone Soup version 0.30-a0-743-gbfdf073431 (webtiles) character file.

Game seed: 5322948199941463906

11 gelatine the Chopper (level 2, -1/22 HPs)
             Began as a Demonspawn Gladiator on Feb 6, 2023.
             Constricted to death by a goblin (5 damage)
             ... on level 2 of the Dungeon.
             The game lasted 00:00:59 (817 turns).

gelatine the Chopper (Demonspawn Gladiator)          Turns: 817, Time: 00:01:00

Health: -1/22      AC:  4    Str: 14    XL:     2   Next: 17%
Magic:  2/2        EV:  9    Int:  9    God:
Gold:   45         SH:  0    Dex: 14    Spells: 1/1 levels left

rFire   . . .      SeeInvis .    a - +0 war axe
rCold   + . .      Faith    .    (no shield)
rNeg    . . .      Spirit   .    b - +0 leather armour
rPois   .          Reflect  .    c - +0 helmet
rElec   .          Harm     .    (no cloak)
rCorr   .          Rampage  .    (no gloves)
Will    .....                    (no boots)
Stlth   +                        (no amulet)
HPRegen 0.23/turn                l - ring of protection from cold
MPRegen 0.08/turn                (no ring)

@: grasped by roots, constricted
A: powered by death 1
a: no special abilities


You were on level 2 of the Dungeon.
You visited 1 branch of the dungeon, and saw 2 of its levels.

You collected 45 gold pieces.

Inventory:

Hand Weapons
 a - a +0 war axe (weapon)
Missiles
 d - 3 throwing nets (quivered)
 e - a javelin
Armour
 b - a +0 leather armour (worn)
 c - a +0 helmet (worn)
Jewellery
 l - a ring of protection from cold (left hand)
Scrolls
 j - a scroll of blinking {unknown}
Potions
 f - a potion of brilliance {unknown}
 g - 2 potions of curing {unknown}
 h - 2 potions of berserk rage {unknown}
 i - a potion of flight {unknown}
 k - a potion of mutation {unknown}


   Skills:
 * Level 2.1 Fighting
 * Level 3.0 Axes
 * Level 1.9 Throwing
 * Level 0.1 Armour
 * Level 2.9 Dodging


You had one spell level left.
You didn't know any spells.
Your spell library was empty.

Dungeon Overview and Level Annotations

Branches:
Dungeon (2/15)

Altars:


Innate Abilities, Weirdness & Mutations

You regenerate a little health from kills.


Message History

You see here a +0 dagger.
You see here a +0 dagger.
You see here a +0 scale mail.
g - 2 bubbling dark potions (gained 1) Done exploring.
There is an open door here.
There is a stone staircase leading down here.
You climb downwards.
There is a stone staircase leading up here.
Found a robe.
A giant cockroach comes into view.
You slash the giant cockroach!
You kill the giant cockroach!
You see here a giant cockroach corpse.
A goblin comes into view.
It is wielding a +0 club and carrying a wand of roots (8).
Found 3 gold pieces.
The goblin shouts!
You hear an angry hiss.
You barely miss the goblin. The goblin misses you.
You barely miss the goblin.
The goblin zaps a wand.
The roots erupt in riotous growth!
The grasping roots grab you!
The goblin is unaffected.
The grasping roots constrict you. The goblin closely misses you.
The grasping roots constrict you.
You closely miss the goblin. The goblin hits you but does no damage.
The grasping roots constrict you.
You miss the goblin. The goblin hits you with a +0 club.
The grasping roots constrict you.
The grasping roots release their grip on you.
You hit the goblin.
The goblin is heavily wounded.
The goblin zaps a wand.
The roots erupt in riotous growth!
The grasping roots grab you!
The goblin is unaffected.
The grasping roots constrict you. The goblin hits you but does no damage.
The grasping roots constrict you.
You barely miss the goblin.
The goblin is heavily wounded.
The goblin hits you with a +0 club.
* * * LOW HITPOINT WARNING * * *
The grasping roots constrict you.
You die...

# # #.### # .... ##
#... .##### .$. .....#
..# .###.# #.# ## #.#
#.# #g# # ##.## #.# #@#
###...## #.# #.#
##.....## #.# #.# #
.[......####.###.#.#
##......#..........###
##...#.†...............
##.###..#....#########
#.# #.###....# ..#
#..#.....#


You could see a goblin.

Vanquished Creatures
  3 endoplasms (D:1)
  A giant cockroach (D:2)
  A hobgoblin (D:1)
  2 ball pythons (D:1)
  3 kobolds (D:1)
  A rat (D:1)
11 creatures vanquished.

Notes
Turn   | Place    | Note
-------+----------+-------------------------------------------
     0 | D:1      | gelatine the Demonspawn Gladiator began the quest for the
                  | Orb.
     0 | D:1      | Reached XP level 1. HP: 16/16 MP: 1/1
   481 | D:1      | Gained mutation: You regenerate a little health from kills.
                  | [demonic ancestry]
   481 | D:1      | Reached XP level 2. HP: 22/22 MP: 2/2
   486 | D:1      | Reached skill level 3 in Axes
   817 | D:2      | Constricted to death by a goblin

Illustrated notes

Levels and vault maps discovered:
D:1:      scummos_arrival_checkerplants, layout_basic
D:2:      layout_loops_ring, basic_altar,
          hellmonk_ecumenical_altar_inner_sanctum

Skill      XL: |  1  2 |
---------------+-------+-----
Axes           | 3 |  3.0
Fighting       | |  2.1
Throwing       | |  1.9
Armour         | |  0.1
Dodging        | |  2.9

Action                     || total
---------------------------++-------
  Melee: War axe           ||    27
 Armour: Leather armour    ||     2
  Dodge: Dodged            ||    10

Table legend: (Time is in decaauts)
 A = Elapsed time spent in this place.
 B = Non-inter-level travel time spent in this place.
 C = Inter-level travel time spent in this place.
 D = Time resting spent in this place.
 E = Time spent auto-exploring this place.
 F = Levels seen in this place.
 G = Mean time per level.
                   A        B        C        D        E       F      G
               +--------+--------+--------+--------+--------+-----+--------+
         Total |    825 |    781 |     44 |      0 |    690 |   2 |  412.5 |
       Dungeon |    825 |    781 |     44 |      0 |    690 |   2 |  412.5 |
               +--------+--------+--------+--------+--------+-----+--------+

Top non-repeatable levels by time:
     D:1: 787 daAuts
     D:2: 37 daAuts
